 Dungeon Crawl Stone Soup version 0.31.0 (webtiles) character file.

Game seed: 516857919573168502

74995 qw the Marksgargoyle (level 15, -11/98 HPs)
             Began as a Gargoyle Hunter on Jan 19, 2024.
             Was the Champion of Okawaru.
             Mangled by a white ugly thing (24 damage)
             ... on level 14 of the Dungeon.
             The game lasted 00:02:14 (16933 turns).

qw the Marksgargoyle (Gargoyle Hunter)             Turns: 16933, Time: 00:02:15

Health: -11/98     AC: 28    Str: 15    XL:     15   Next: 48%
Magic:  22/22      EV: 16    Int: 11    God:    Okawaru [******]
Gold:   1860       SH:  0    Dex: 19    Spells: 14/14 levels left

rFire   + . .        m - +4 triple crossbow (flame)
rCold   . . .        (shield currently unavailable)
rNeg    + . .        k - +0 troll leather armour
rPois   inf          s - +1 helmet "Hihyh" {rF+ Regen+}
rElec   +            i - +1 cloak
rCorr   .            n - +0 pair of gloves
SInv    +            o - +2 pair of boots
Will    +....        (no amulet)
Stlth   ++           c - ring of see invisible
HPRegen 1.96/turn    u - +4 ring of protection
MPRegen 0.18/turn

%: no passive effects
@: flying
A: sickness immunity, AC +11, big wings, negative energy resistance 1,
electricity resistance, torment resistance 1, petrification resistance
a: Renounce Religion, Heroism, Finesse, Duel


You were on level 14 of the Dungeon.
You worshipped Okawaru.
Okawaru was exalted by your worship.
You visited 3 branches of the dungeon, and saw 20 of its levels.
You also visited: Ossuary.

You collected 1860 gold pieces.


Innate Abilities, Weirdness & Mutations

You are immune to sickness and miasma.
Your stone body is resilient. (AC +11)
You are immune to poison.
Your large and strong wings let you fly.
You resist negative energy. (rN+)
You are resistant to electric shocks. (rElec)
You are resistant to unholy torment.
You are immune to petrification.


   Skills:
 + Level 13.0 Fighting
 - Level 20.0 Ranged Weapons
 - Level 7.0 Armour
 - Level 8.0 Dodging
 - Level 1.1 Stealth
 - Level 10.0 Invocations


You had 14 spell levels left.
You didn't know any spells.
Your spell library was empty.

Inventory:

Hand Weapons
 m - a +4 triple crossbow of flaming (weapon)
Armour
 i - a +1 cloak (worn)
 k - a +0 troll leather armour (worn)
 n - a +0 pair of gloves (worn)
 o - a +2 pair of boots (worn)
 s - the +1 helmet "Hihyh" (worn) {rF+ Regen+}
   (Okawaru gifted it to you on level 2 of the Lair of Beasts)

   rF+:       It protects you from fire.
   Regen+:    It increases your rate of health regeneration.
Jewellery
 c - a ring of see invisible (left hand)
 g - a ring of fire
 u - a +4 ring of protection (right hand)
 Y - a +6 ring of strength
Wands
 e - a wand of iceblast (27)
 t - a wand of polymorph (15)
Scrolls
 b - 7 scrolls of teleportation
 d - 9 scrolls of identify
Potions
 f - 3 potions of mutation
 h - a potion of magic
 j - 3 potions of enlightenment
 l - 13 potions of curing
 p - 3 potions of haste
 q - 3 potions of cancellation
 r - a potion of resistance

Dungeon Overview and Level Annotations

Branches:
Dungeon (14/15)            Temple (1/1) D:4            Lair (5/5) D:9
  Swamp (0/4) Lair:2        Snake (0/4) Lair:2        Slime (0/5) Lair:5
    Orc (0/2) D:10         Vaults (0/5) D:13        Ossuary (visited)

Altars:
Ashenzari
Cheibriados
Dithmenos
Elyvilon
Fedhas
Gozag
Hepliaklqana
Kikubaaqudgha
Makhleb
Nemelex Xobeh
Okawaru
Qazlal
Ru
Sif Muna
Trog
Uskayaw
Vehumet
Wu Jian
Xom
Yredelemnul
Zin
The Shining One
Jiyva

Annotations:
D:6 Jeremiah


Message History

The meliai hits you but does no damage. The meliai barely misses you.
16925 ||| RETREEEEATING.
There is an open door here.
16926 ||| RETREEEEATING.
The meliai hits you but does no damage. The meliai barely misses you.
The meliai hits you but does no damage. The meliai closely misses you.
You shoot a bolt. The bolt hits the meliai!
The bolt burns the meliai.
The meliai is almost dead.
The meliai hits you but does no damage. The meliai misses you.
The meliai hits you with a +0 hand axe.
The meliai stings you but does no damage.
You shoot a bolt. The bolt hits the meliai!!
The bolt burns the meliai.
You kill the meliai!
Okawaru accepts your kill. Okawaru grants you throwing weapons!
Something appears at your feet! The white ugly thing barely misses you.
You shoot a bolt. The bolt hits the white ugly thing!!
The bolt burns the white ugly thing.
The white ugly thing is heavily wounded.
The white ugly thing completely misses you.
You shoot a bolt. The bolt hits the white ugly thing!!
The bolt burns the white ugly thing.
You kill the white ugly thing!
Okawaru accepts your kill. The white ugly thing barely misses you.
Your Armour skill increases to level 7!
You shoot a bolt. The bolt hits the white ugly thing!!!
The bolt burns the white ugly thing!
The white ugly thing is almost dead.
You hear a shout!
The white ugly thing stings you. The white ugly thing freezes you!!
You shoot a bolt.
The bolt hits the white ugly thing but does no damage.
The white ugly thing is almost dead.
The white ugly thing stings you but does no damage.
You shoot a bolt.
The bolt barely misses the white ugly thing.
The white ugly thing stings you! The white ugly thing freezes you!
The white ugly thing stings you. The white ugly thing freezes you!!
You die...

#.# #.# #.##
#[.## ##..# ##.#
#.# #.# #@#
#########u##
#..........#
#......C...#
#...)......#
#.###..........#
#...C...%......#
#####..........#
###%########


You could see a white ugly thing and a cyclops.

Vanquished Creatures
  Gastronok (D:10)
  Josephine (D:10)
  A centaur warrior (D:12)
  4 boulder beetles
  2 hydras
  A two-headed ogre (D:13)
  Erica (Lair:1)
  3 death yaks
  A death knight (D:12)
  Urug (D:12)
  3 skysharks
  4 skeletal warriors (D:12)
  Amaemon (D:11)
  An arcanist (D:14)
  2 bog bodies (Lair:2)
  An orange crystal statue (Lair:5)
  3 necromancers (D:13)
  A lindwurm (Lair:5)
  3 deep elf pyromancers
  4 cyclopes
  3 wolf spiders
  4 ugly things (D:14)
  3 manticores
  Maurice (D:8)
  2 meliai
  A guardian serpent (Lair:5)
  6 elephants
  A torpor snail (Lair:4)
  18 black mambas
  A gargoyle (D:11)
  An unseen horror (shapeshifter) (D:13)
  An orange demon (D:11)
  3 unseen horrors
  13 cane toads
  A kobold demonologist (D:10)
  3 freezing wraiths (D:12)
  A rime drake (Lair:5)
  10 komodo dragons
  7 trolls
  A queen bee (Lair:2)
  4 polar bears
  5 blink frogs (Lair:4)
  2 hornets
  15 dream sheep
  6 slime creatures
  7 wraiths
  2 centaur simulacra (D:12)
  A vampire (D:13)
  A water elemental (D:12)
  13 wyverns
  Eustachio (D:6)
  4 shadows
  6 basilisks
  45 yaks
  10 vampire mosquitoes
  4 steam dragons
  4 swamp worms (Lair:2)
  Menkaure (D:6)
  2 acid dragons
  36 water moccasins
  A sky beast (D:7)
  2 ice beasts
  4 orc warriors
  A black bear (D:6)
  8 wolves
  4 ogres
  2 centaurs
  2 phantoms
  2 kobold brigands
  15 bullfrogs
  2 gnoll sergeants
  2 scorpions
  33 killer bees
  6 electric eels (D:12)
  5 howler monkeys
  3 lava snakes (Lair:5)
  A bombardier beetle (D:8)
  3 jellies
  3 hounds
  3 orc priests
  Jessica (D:2)
  5 orc wizards
  Ijyb (D:4)
  4 iguanas (D:5)
  8 mummies (Ossuary)
  14 gnolls
  2 adders
  3 white imps
  6 ufetubi
  A dart slug (D:3)
  A ribbon worm (D:2)
  35 orcs
  6 endoplasms
  5 giant cockroaches
  A gnoll zombie (Ossuary)
  13 goblins
  4 hobgoblins
  5 jackals
  3 quokkas
  7 ball pythons
  3 bats (D:1)
  5 frilled lizards
  2 hobgoblin zombies (Ossuary)
  11 kobolds
  3 kobold zombies (Ossuary)
  2 orc zombies (Ossuary)
  6 rats
548 creatures vanquished.

Notes
Turn   | Place    | Note
-------+----------+-------------------------------------------
     0 | D:1      | qw the Gargoyle Hunter began the quest for the Orb.
     0 | D:1      | Reached XP level 1. HP: 12/12 MP: 1/1
     0 | D:1      | 0 ||| qw: Version: 0.3-a-132-g3d54051
     0 | D:1      | 0 ||| qw: Game counter: 102
     0 | D:1      | 0 ||| qw: Melee chars always use a shield: true
     0 | D:1      | 0 ||| qw: God list: Okawaru
     0 | D:1      | 0 ||| qw: Allow faded altars: false
     0 | D:1      | 0 ||| qw: Do Orc after clearing Dungeon:15 true
     0 | D:1      | 0 ||| qw: Do second Lair branch before Depths: true
     0 | D:1      | 0 ||| qw: Lair rune preference: random
     0 | D:1      | 0 ||| qw: Goals: Normal
     0 | D:1      | 0 ||| PLANNING D:1-11
   111 | D:1      | Reached XP level 2. HP: 17/17 MP: 2/2
   497 | D:1      | Reached XP level 3. HP: 21/21 MP: 3/3
   552 | D:1      | Found a faded altar of an unknown god.
   605 | D:1      | Reached skill level 5 in Ranged Weapons
   700 | D:1      | 700 ||| UPGRADING to +0 ring mail.
   710 | D:1      | 710 ||| DROPPING +0 leather armour.
   711 | D:1      | 711 ||| READING scroll labelled ATSAOS HUDDAM.
   716 | D:1      | 716 ||| READING scroll labelled RIBIETHRYUMP.
   716 | D:1      | 716 ||| IDENTIFYING green potion
   717 | D:1      | 717 ||| READING scroll labelled ATONOA AGEUKU.
   718 | D:1      | 718 ||| READING scroll labelled QATEK IDYHOE.
   718 | D:1      | 718 ||| ENCHANTING +0 shortbow.
   719 | D:1      | 719 ||| DROPPING scroll of butterflies.
   760 | D:2      | 760 ||| FLEEEEING.
   763 | D:2      | 763 ||| STAIRDANCE
   856 | D:2      | Noticed Jessica
   859 | D:2      | Killed Jessica
   860 | D:2      | Reached XP level 4. HP: 26/26 MP: 4/4
  1457 | D:2      | You fall into a shaft and drop 2 floors!
  1477 | D:4      | Found a staircase to the Ecumenical Temple.
  1478 | D:4      | 1478 ||| PLANNING TEMPLE
  1478 | D:4      | 1478 ||| READING scroll labelled VUEHUE GASHAOM.
  1478 | D:4      | Identified a scroll of acquirement
  1478 | D:4      | 1478 ||| ACQUIRING +4 triple crossbow of draining
  1478 | D:4      | Acquired a +4 triple crossbow of draining
  1480 | D:4      | 1480 ||| SWAPPING to +4 triple crossbow of draining.
  1481 | D:4      | 1481 ||| DROPPING +0 shortbow.
  1482 | D:4      | 1482 ||| DRINKING 2 white potions.
  1483 | D:4      | 1483 ||| DRINKING 2 puce potions.
  1484 | D:4      | 1484 ||| DRINKING black potion.
  1485 | D:4      | 1485 ||| DRINKING fuming sapphire potion.
  1590 | D:4      | 1590 ||| DROPPING potion of ambrosia.
  1599 | Temple   | Entered the Ecumenical Temple
  1600 | Temple   | 1600 ||| PLANNING OKAWARU WORSHIP
  1620 | Temple   | Became a worshipper of Warmaster Okawaru
  1621 | Temple   | 1621 ||| PLANNING D:1-11
  1698 | D:4      | Reached skill level 3 in Fighting
  1868 | D:4      | 1868 ||| FLEEEEING.
  1874 | D:4      | 1874 ||| STAIRDANCE
  1878 | D:3      | 1878 ||| DRINKING 2 yellow potions.
  1879 | D:3      | 1879 ||| FLEEEEING.
  1883 | D:3      | 1883 ||| STAIRDANCE
  1979 | D:2      | 1979 ||| READING scroll labelled MUMYLACIAPN.
  1980 | D:2      | 1980 ||| DRINKING 2 purple potions.
  2100 | D:3      | Reached XP level 5. HP: 32/32 MP: 5/5
  2525 | D:3      | 2525 ||| READING scroll labelled MOIXAGIXZA.
  2526 | D:3      | 2526 ||| READING scroll labelled ZOUS VIFOU.
  2527 | D:3      | 2527 ||| DRINKING 2 pink potions.
  2528 | D:3      | 2528 ||| DROPPING potion of brilliance.
  2642 | D:4      | Found an opulent altar of Gozag.
  2676 | D:4      | Found a bloodstained altar of Trog.
  2677 | D:4      | Found a radiant altar of Vehumet.
  2679 | D:4      | Found a blossoming altar of Fedhas.
  2679 | D:4      | Found a glowing golden altar of the Shining One.
  2680 | D:4      | Found an ancient bone altar of Kikubaaqudgha.
  2686 | D:4      | Found a burning altar of Makhleb.
  2976 | D:4      | Noticed Ijyb
  2987 | D:4      | Killed Ijyb
  3053 | D:4      | 3053 ||| FLEEEEING.
  3187 | D:4      | 3187 ||| UPGRADING to +0 cloak.
  3192 | D:4      | 3192 ||| UPGRADING to +0 pair of boots.
  3197 | D:4      | 3197 ||| READING scroll of enchant armour.
  3197 | D:4      | 3197 ||| ENCHANTING +0 pair of boots.
  3198 | D:4      | 3198 ||| READING scroll of identify.
  3198 | D:4      | 3198 ||| IDENTIFYING fizzy grey potion
  3199 | D:4      | 3199 ||| DROPPING potion of attraction.
  3209 | D:5      | Entered Level 5 of the Dungeon
  3210 | D:5      | 3210 ||| PLANNING OSSUARY
  3234 | D:5      | Noticed a phantom
  3235 | D:5      | 3235 ||| DRINKING 2 potions of haste.
  3237 | D:5      | Killed a phantom
  3238 | D:5      | Reached skill level 6 in Ranged Weapons
  3238 | D:5      | Reached XP level 6. HP: 37/37 MP: 6/6
  3271 | D:5      | 3271 ||| READING scroll of enchant armour.
  3271 | D:5      | 3271 ||| ENCHANTING +1 pair of boots.
  3277 | D:5      | Noticed an ice beast
  3281 | D:5      | 3281 ||| DRINKING potion of haste.
  3288 | D:5      | Killed an ice beast
  3288 | D:5      | Reached * piety under Okawaru
  3399 | D:5      | Reached skill level 1 in Invocations
  3404 | D:5      | Reached XP level 7. HP: 44/44 MP: 7/7
  3423 | D:5      | Found a sand-covered staircase.
  3433 | Ossuary  | Entered an ossuary
  3582 | Ossuary  | 3582 ||| READING scroll of identify.
  3582 | Ossuary  | 3582 ||| IDENTIFYING metallic amethyst potion
  3583 | Ossuary  | 3583 ||| DROPPING potion of invisibility.
  3607 | D:5      | 3607 ||| PLANNING D:1-11
  3636 | D:5      | Reached skill level 7 in Ranged Weapons
  3636 | D:5      | 3636 ||| FLEEEEING.
  3662 | D:5      | Reached skill level 3 in Invocations
  3870 | D:5      | Reached ** piety under Okawaru
  3881 | D:5      | 3881 ||| UPGRADING to ring of see invisible.
  3882 | D:5      | 3882 ||| DRINKING 2 coppery potions.
  3883 | D:5      | 3883 ||| DROPPING potion of degeneration.
  3963 | D:6      | Noticed Eustachio
  3964 | D:6      | 3964 ||| INVOKING Heroism.
  3969 | D:6      | Killed Eustachio
  3970 | D:6      | Reached XP level 8. HP: 48/48 MP: 8/11
  4007 | D:6      | 4007 ||| RETREEEEATING.
  4009 | D:6      | Reached skill level 8 in Ranged Weapons
  4037 | D:6      | 4037 ||| FLEEEEING.
  4038 | D:6      | 4038 ||| FLEEEEING.
  4039 | D:6      | 4039 ||| FLEEEEING.
  4040 | D:6      | 4040 ||| FLEEEEING.
  4041 | D:6      | 4041 ||| FLEEEEING.
  4042 | D:6      | 4042 ||| FLEEEEING.
  4043 | D:6      | 4043 ||| FLEEEEING.
  4045 | D:6      | 4045 ||| FLEEEEING.
  4046 | D:6      | 4046 ||| FLEEEEING.
  4047 | D:6      | 4047 ||| FLEEEEING.
  4048 | D:6      | 4048 ||| FLEEEEING.
  4049 | D:6      | 4049 ||| FLEEEEING.
  4050 | D:6      | 4050 ||| FLEEEEING.
  4052 | D:6      | 4052 ||| FLEEEEING.
  4053 | D:6      | 4053 ||| FLEEEEING.
  4054 | D:6      | 4054 ||| FLEEEEING.
  4055 | D:6      | 4055 ||| FLEEEEING.
  4056 | D:6      | 4056 ||| FLEEEEING.
  4057 | D:6      | 4057 ||| FLEEEEING.
  4058 | D:6      | 4058 ||| FLEEEEING.
  4059 | D:6      | 4059 ||| FLEEEEING.
  4060 | D:6      | 4060 ||| FLEEEEING.
  4061 | D:6      | 4061 ||| FLEEEEING.
  4062 | D:6      | 4062 ||| FLEEEEING.
  4063 | D:6      | 4063 ||| FLEEEEING.
  4064 | D:6      | 4064 ||| FLEEEEING.
  4065 | D:6      | 4065 ||| FLEEEEING.
  4066 | D:6      | 4066 ||| FLEEEEING.
  4067 | D:6      | 4067 ||| FLEEEEING.
  4074 | D:6      | 4074 ||| STAIRDANCE
  4123 | D:5      | 4123 ||| UPGRADING to +3 leather armour of positive energy.
  4133 | D:5      | 4133 ||| DROPPING +0 ring mail.
  4154 | D:6      | Found a hazy altar of Hepliaklqana.
  4189 | D:6      | Noticed Jeremiah
  4198 | D:6      | HP: 11/49 [black bear (5)]
  4199 | D:6      | 4199 ||| READING 5 scrolls of teleportation.
  4200 | D:6      | 4200 ||| DRINKING 3 potions of heal wounds.
  4611 | D:6      | Noticed Menkaure
  4612 | D:6      | Killed Menkaure
  4612 | D:6      | Reached *** piety under Okawaru
  4613 | D:6      | Reached skill level 9 in Ranged Weapons
  4920 | D:6      | 4920 ||| DRINKING 2 lumpy ruby potions.
  4952 | D:7      | 4952 ||| STAIRDANCE
  4962 | D:7      | Reached skill level 6 in Fighting
  4965 | D:7      | Reached XP level 9. HP: 55/55 MP: 12/12
  5106 | D:7      | Reached skill level 10 in Ranged Weapons
  5740 | D:7      | Reached skill level 3 in Dodging
  5975 | D:7      | 5975 ||| UPGRADING to +1 helmet.
  5980 | D:7      | 5980 ||| DROPPING ring of wizardry.
  5981 | D:7      | 5981 ||| DROPPING wand of flame (17).
  6088 | D:8      | Reached **** piety under Okawaru
  6092 | D:8      | 6092 ||| FLEEEEING.
  6271 | D:8      | Found a snail-covered altar of Cheibriados.
  6296 | D:8      | 6296 ||| Stepping ~*~*~tactically~*~*~ (cloud).
  6299 | D:8      | 6299 ||| FLEEEEING.
  6429 | D:8      | 6429 ||| RETREEEEATING.
  6429 | D:8      | Noticed Maurice
  6430 | D:8      | 6430 ||| RETREEEEATING.
  6431 | D:8      | 6431 ||| RETREEEEATING.
  6432 | D:8      | 6432 ||| RETREEEEATING.
  6433 | D:8      | 6433 ||| RETREEEEATING.
  6434 | D:8      | 6434 ||| RETREEEEATING.
  6435 | D:8      | 6435 ||| RETREEEEATING.
  6436 | D:8      | 6436 ||| RETREEEEATING.
  6437 | D:8      | 6437 ||| RETREEEEATING.
  6438 | D:8      | 6438 ||| RETREEEEATING.
  6439 | D:8      | 6439 ||| RETREEEEATING.
  6440 | D:8      | 6440 ||| RETREEEEATING.
  6443 | D:8      | 6443 ||| INVOKING Finesse.
  6447 | D:8      | Reached skill level 6 in Invocations
  6461 | D:8      | Killed Maurice
  6462 | D:8      | Reached XP level 10. HP: 52/63 MP: 10/15
  6542 | D:8      | Reached skill level 11 in Ranged Weapons
  6774 | D:8      | 6774 ||| READING scroll of identify.
  6774 | D:8      | 6774 ||| IDENTIFYING fuming purple potion
  6775 | D:8      | 6775 ||| READING scroll labelled GAEREA JODUOG.
  6776 | D:8      | 6776 ||| READING scroll labelled EMAR VEUTWOI.
  6777 | D:8      | 6777 ||| READING scroll labelled OBIQOE FUENU.
  6817 | D:9      | 6817 ||| RETREEEEATING.
  6819 | D:9      | 6819 ||| FLEEEEING.
  6824 | D:9      | Reached skill level 3 in Armour
  6858 | D:9      | 6858 ||| RETREEEEATING.
  6859 | D:9      | 6859 ||| RETREEEEATING.
  6878 | D:9      | 6878 ||| FLEEEEING.
  7047 | D:9      | Reached ***** piety under Okawaru
  7139 | D:9      | Identified the +3 chain mail "Legon" {MP+9 Slay+3 Stlth-}
  7226 | D:9      | Noticed an unseen horror
  7227 | D:9      | 7227 ||| INVOKING Finesse.
  7231 | D:9      | Killed an unseen horror
  7232 | D:9      | Reached skill level 9 in Invocations
  7256 | D:9      | 7256 ||| FLEEEEING.
  7294 | D:9      | 7294 ||| RETREEEEATING.
  7296 | D:9      | 7296 ||| RETREEEEATING.
  7302 | D:9      | 7302 ||| RETREEEEATING.
  7304 | D:9      | 7304 ||| RETREEEEATING.
  7306 | D:9      | 7306 ||| RETREEEEATING.
  7314 | D:9      | Received a gift from Okawaru
  7315 | D:9      | Reached XP level 11. HP: 47/68 MP: 18/18
  7451 | D:9      | Found a staircase to the Lair.
  7614 | D:9      | 7614 ||| PLANNING LAIR
  7614 | D:9      | 7614 ||| UPGRADING to +6 ring of strength.
  7615 | D:9      | 7615 ||| READING scroll labelled NAZEIW UQAXE.
  7616 | D:9      | 7616 ||| FLEEEEING.
  7776 | Lair:1   | Entered Level 1 of the Lair of Beasts
  7830 | Lair:1   | Reached skill level 12 in Ranged Weapons
  7835 | Lair:1   | 7835 ||| FLEEEEING.
  8002 | Lair:1   | 8002 ||| RETREEEEATING.
  8012 | Lair:1   | 8012 ||| FLEEEEING.
  8071 | Lair:1   | 8071 ||| FLEEEEING.
  8197 | Lair:1   | You fall into a shaft and drop 1 floor!
  8197 | Lair:2   | Found a staircase to the Swamp.
  8197 | Lair:2   | Noticed a bog body
  8198 | Lair:2   | 8198 ||| RETREEEEATING.
  8199 | Lair:2   | 8199 ||| RETREEEEATING.
  8199 | Lair:2   | Noticed a bog body
  8200 | Lair:2   | 8200 ||| INVOKING Finesse.
  8201 | Lair:2   | 8201 ||| INVOKING Finesse.
  8207 | Lair:2   | Killed a bog body
  8208 | Lair:2   | Reached skill level 13 in Ranged Weapons
  8212 | Lair:2   | Killed a bog body
  8212 | Lair:2   | Received a gift from Okawaru
  8219 | Lair:2   | 8219 ||| RETREEEEATING.
  8225 | Lair:2   | Reached skill level 9 in Fighting
  8228 | Lair:2   | HP: 17/71 [bullfrog (7)]
  8229 | Lair:2   | 8229 ||| READING 6 scrolls of teleportation.
  8230 | Lair:2   | 8230 ||| DRINKING 3 potions of heal wounds.
  8483 | Lair:1   | Noticed Erica
  8484 | Lair:1   | 8484 ||| INVOKING Finesse.
  8489 | Lair:1   | Killed Erica
  8763 | Lair:1   | 8763 ||| RETREEEEATING.
  8774 | Lair:1   | Reached skill level 14 in Ranged Weapons
  8774 | Lair:1   | Reached XP level 12. HP: 68/76 MP: 19/19
  8775 | Lair:1   | Received a gift from Okawaru
  8776 | Lair:1   | 8776 ||| FLEEEEING.
  9007 | Lair:2   | Noticed a boulder beetle
  9008 | Lair:2   | 9008 ||| INVOKING Finesse.
  9022 | Lair:2   | Killed a boulder beetle
  9130 | Lair:2   | 9130 ||| FLEEEEING.
  9276 | Lair:2   | Found a staircase to the Snake Pit.
  9428 | Lair:2   | 9428 ||| FLEEEEING.
  9431 | Lair:2   | 9431 ||| STAIRDANCE
  9568 | Lair:2   | 9568 ||| RETREEEEATING.
  9570 | Lair:2   | 9570 ||| RETREEEEATING.
  9571 | Lair:2   | 9571 ||| RETREEEEATING.
  9572 | Lair:2   | 9572 ||| RETREEEEATING.
  9574 | Lair:2   | 9574 ||| RETREEEEATING.
  9575 | Lair:2   | 9575 ||| RETREEEEATING.
  9576 | Lair:2   | 9576 ||| RETREEEEATING.
  9577 | Lair:2   | 9577 ||| RETREEEEATING.
  9578 | Lair:2   | 9578 ||| RETREEEEATING.
  9579 | Lair:2   | 9579 ||| RETREEEEATING.
  9580 | Lair:2   | 9580 ||| RETREEEEATING.
  9587 | Lair:2   | Reached skill level 15 in Ranged Weapons
  9594 | Lair:2   | 9594 ||| FLEEEEING.
  9634 | Lair:2   | 9634 ||| RETREEEEATING.
  9635 | Lair:2   | 9635 ||| RETREEEEATING.
  9636 | Lair:2   | 9636 ||| RETREEEEATING.
  9637 | Lair:2   | 9637 ||| RETREEEEATING.
  9638 | Lair:2   | 9638 ||| RETREEEEATING.
  9639 | Lair:2   | 9639 ||| RETREEEEATING.
  9640 | Lair:2   | 9640 ||| RETREEEEATING.
  9641 | Lair:2   | 9641 ||| RETREEEEATING.
  9642 | Lair:2   | 9642 ||| RETREEEEATING.
  9643 | Lair:2   | 9643 ||| RETREEEEATING.
  9643 | Lair:2   | Reached ****** piety under Okawaru
  9644 | Lair:2   | 9644 ||| RETREEEEATING.
  9645 | Lair:2   | 9645 ||| RETREEEEATING.
  9646 | Lair:2   | 9646 ||| RETREEEEATING.
  9649 | Lair:2   | 9649 ||| RETREEEEATING.
  9650 | Lair:2   | 9650 ||| RETREEEEATING.
  9650 | Lair:2   | HP: 12/77 [swamp worm/harpoon shot (12)]
  9651 | Lair:2   | 9651 ||| READING 5 scrolls of teleportation.
  9652 | Lair:2   | 9652 ||| DRINKING 2 potions of heal wounds.
  9695 | Lair:2   | 9695 ||| FLEEEEING.
  9787 | Lair:2   | 9787 ||| INVOKING Receive Weapon.
  9787 | Lair:2   | 9787 ||| ACQUIRING +2 longbow of freezing
  9787 | Lair:2   | Acquired a +2 longbow of freezing
  9787 | Lair:2   | Received a gift from Okawaru
  9788 | Lair:2   | 9788 ||| INVOKING Receive Armour.
  9788 | Lair:2   | 9788 ||| ACQUIRING +1 helmet "Hihyh" {rF+ Regen+}
  9788 | Lair:2   | Acquired the +1 helmet "Hihyh" {rF+ Regen+}
  9788 | Lair:2   | Received a gift from Okawaru
 10159 | Lair:2   | 10159 ||| UPGRADING to +1 helmet "Hihyh" {rF+ Regen+}.
 10169 | Lair:2   | 10169 ||| DROPPING +1 helmet.
 10413 | Lair:3   | 10413 ||| RETREEEEATING.
 10414 | Lair:3   | 10414 ||| RETREEEEATING.
 10415 | Lair:3   | 10415 ||| RETREEEEATING.
 10416 | Lair:3   | 10416 ||| RETREEEEATING.
 10417 | Lair:3   | 10417 ||| RETREEEEATING.
 10418 | Lair:3   | 10418 ||| RETREEEEATING.
 10419 | Lair:3   | 10419 ||| RETREEEEATING.
 10420 | Lair:3   | 10420 ||| RETREEEEATING.
 10421 | Lair:3   | 10421 ||| RETREEEEATING.
 10422 | Lair:3   | 10422 ||| RETREEEEATING.
 10426 | Lair:3   | 10426 ||| RETREEEEATING.
 10427 | Lair:3   | 10427 ||| RETREEEEATING.
 10428 | Lair:3   | 10428 ||| RETREEEEATING.
 10429 | Lair:3   | 10429 ||| RETREEEEATING.
 10434 | Lair:3   | Received a gift from Okawaru
 10447 | Lair:3   | 10447 ||| FLEEEEING.
 10450 | Lair:3   | 10450 ||| STAIRDANCE
 10471 | Lair:3   | 10471 ||| RETREEEEATING.
 10472 | Lair:3   | 10472 ||| RETREEEEATING.
 10474 | Lair:3   | 10474 ||| RETREEEEATING.
 10476 | Lair:3   | 10476 ||| RETREEEEATING.
 10477 | Lair:3   | 10477 ||| RETREEEEATING.
 10479 | Lair:3   | 10479 ||| RETREEEEATING.
 10480 | Lair:3   | 10480 ||| RETREEEEATING.
 10481 | Lair:3   | 10481 ||| RETREEEEATING.
 10482 | Lair:3   | 10482 ||| RETREEEEATING.
 10483 | Lair:3   | 10483 ||| RETREEEEATING.
 10484 | Lair:3   | 10484 ||| RETREEEEATING.
 10485 | Lair:3   | 10485 ||| RETREEEEATING.
 10486 | Lair:3   | 10486 ||| INVOKING Finesse.
 10608 | Lair:3   | Reached skill level 16 in Ranged Weapons
 10653 | Lair:3   | Reached XP level 13. HP: 78/82 MP: 20/20
 10799 | Lair:3   | 10799 ||| READING scroll of enchant armour.
 10799 | Lair:3   | 10799 ||| ENCHANTING +0 cloak.
 11020 | Lair:3   | 11020 ||| RETREEEEATING.
 11029 | Lair:3   | 11029 ||| RETREEEEATING.
 11274 | Lair:3   | 11274 ||| READING 3 scrolls of identify.
 11274 | Lair:3   | 11274 ||| IDENTIFYING fuming pink potion
 11275 | Lair:3   | 11275 ||| READING 2 scrolls of identify.
 11275 | Lair:3   | 11275 ||| IDENTIFYING scroll labelled TOTTAUZ IWONNEQ
 11276 | Lair:3   | 11276 ||| READING scroll of brand weapon.
 11276 | Lair:3   | 11276 ||| BRANDING +4 triple crossbow of draining.
 11277 | Lair:3   | 11277 ||| DROPPING potion of lignification.
 11368 | Lair:4   | Received a gift from Okawaru
 11572 | Lair:4   | 11572 ||| RETREEEEATING.
 11573 | Lair:4   | 11573 ||| RETREEEEATING.
 11574 | Lair:4   | 11574 ||| RETREEEEATING.
 11575 | Lair:4   | 11575 ||| RETREEEEATING.
 11576 | Lair:4   | 11576 ||| RETREEEEATING.
 11577 | Lair:4   | 11577 ||| RETREEEEATING.
 11578 | Lair:4   | 11578 ||| RETREEEEATING.
 11579 | Lair:4   | 11579 ||| RETREEEEATING.
 11600 | Lair:4   | 11600 ||| RETREEEEATING.
 11601 | Lair:4   | 11601 ||| RETREEEEATING.
 11602 | Lair:4   | 11602 ||| RETREEEEATING.
 11603 | Lair:4   | 11603 ||| RETREEEEATING.
 11823 | Lair:4   | 11823 ||| RETREEEEATING.
 11824 | Lair:4   | 11824 ||| RETREEEEATING.
 11825 | Lair:4   | 11825 ||| RETREEEEATING.
 11826 | Lair:4   | 11826 ||| RETREEEEATING.
 11827 | Lair:4   | 11827 ||| RETREEEEATING.
 11828 | Lair:4   | 11828 ||| RETREEEEATING.
 11829 | Lair:4   | 11829 ||| RETREEEEATING.
 11830 | Lair:4   | 11830 ||| RETREEEEATING.
 11831 | Lair:4   | 11831 ||| RETREEEEATING.
 11832 | Lair:4   | 11832 ||| RETREEEEATING.
 11833 | Lair:4   | 11833 ||| RETREEEEATING.
 11834 | Lair:4   | 11834 ||| RETREEEEATING.
 11835 | Lair:4   | 11835 ||| RETREEEEATING.
 11836 | Lair:4   | 11836 ||| RETREEEEATING.
 11837 | Lair:4   | 11837 ||| RETREEEEATING.
 11838 | Lair:4   | 11838 ||| RETREEEEATING.
 11839 | Lair:4   | 11839 ||| RETREEEEATING.
 11842 | Lair:4   | 11842 ||| INVOKING Finesse.
 11847 | Lair:4   | Reached skill level 17 in Ranged Weapons
 11859 | Lair:4   | Received a gift from Okawaru
 12083 | Lair:4   | 12083 ||| FLEEEEING.
 12085 | Lair:4   | 12085 ||| FLEEEEING.
 12086 | Lair:4   | 12086 ||| RETREEEEATING.
 12087 | Lair:4   | 12087 ||| RETREEEEATING.
 12088 | Lair:4   | 12088 ||| RETREEEEATING.
 12090 | Lair:4   | 12090 ||| RETREEEEATING.
 12104 | Lair:4   | 12104 ||| FLEEEEING.
 12288 | Lair:4   | 12288 ||| DROPPING ring of positive energy.
 12289 | Lair:4   | 12289 ||| UPGRADING to +4 ring of protection.
 12291 | Lair:4   | 12291 ||| READING scroll of identify.
 12291 | Lair:4   | 12291 ||| IDENTIFYING scroll labelled DECLOI KUADDOI
 12292 | Lair:4   | 12292 ||| DROPPING scroll of fear.
 12312 | Lair:5   | Entered Level 5 of the Lair of Beasts
 12325 | Lair:5   | Reached skill level 6 in Dodging
 12326 | Lair:5   | 12326 ||| RETREEEEATING.
 12327 | Lair:5   | 12327 ||| RETREEEEATING.
 12328 | Lair:5   | 12328 ||| RETREEEEATING.
 12329 | Lair:5   | 12329 ||| RETREEEEATING.
 12344 | Lair:5   | 12344 ||| RETREEEEATING.
 12346 | Lair:5   | 12346 ||| STAIRDANCE
 12369 | Lair:5   | 12369 ||| STAIRDANCE
 12381 | Lair:5   | 12381 ||| STAIRDANCE
 12387 | Lair:5   | 12387 ||| STAIRDANCE
 12400 | Lair:5   | Received a gift from Okawaru
 12415 | Lair:5   | Found a basalt altar of Yredelemnul.
 12454 | Lair:5   | 12454 ||| RETREEEEATING.
 12455 | Lair:5   | 12455 ||| RETREEEEATING.
 12456 | Lair:5   | 12456 ||| RETREEEEATING.
 12457 | Lair:5   | 12457 ||| RETREEEEATING.
 12458 | Lair:5   | 12458 ||| RETREEEEATING.
 12459 | Lair:5   | 12459 ||| RETREEEEATING.
 12460 | Lair:5   | 12460 ||| RETREEEEATING.
 12462 | Lair:5   | 12462 ||| RETREEEEATING.
 12463 | Lair:5   | 12463 ||| RETREEEEATING.
 12466 | Lair:5   | 12466 ||| RETREEEEATING.
 12473 | Lair:5   | 12473 ||| RETREEEEATING.
 12474 | Lair:5   | 12474 ||| RETREEEEATING.
 12476 | Lair:5   | 12476 ||| RETREEEEATING.
 12519 | Lair:5   | 12519 ||| RETREEEEATING.
 12561 | Lair:5   | Gained mutation: Your large and strong wings let you fly.
                  | [Gargoyle growth]
 12561 | Lair:5   | Reached XP level 14. HP: 85/90 MP: 21/21
 12577 | Lair:5   | 12577 ||| RETREEEEATING.
 12581 | Lair:5   | Reached skill level 18 in Ranged Weapons
 12586 | Lair:5   | 12586 ||| INVOKING Finesse.
 12617 | Lair:5   | Reached skill level 12 in Fighting
 12747 | Lair:5   | 12747 ||| RETREEEEATING.
 12748 | Lair:5   | 12748 ||| RETREEEEATING.
 12749 | Lair:5   | 12749 ||| RETREEEEATING.
 12750 | Lair:5   | 12750 ||| RETREEEEATING.
 12751 | Lair:5   | 12751 ||| RETREEEEATING.
 12752 | Lair:5   | 12752 ||| RETREEEEATING.
 12753 | Lair:5   | 12753 ||| RETREEEEATING.
 12755 | Lair:5   | 12755 ||| RETREEEEATING.
 12756 | Lair:5   | 12756 ||| RETREEEEATING.
 12757 | Lair:5   | 12757 ||| RETREEEEATING.
 12758 | Lair:5   | 12758 ||| RETREEEEATING.
 12769 | Lair:5   | Received a gift from Okawaru
 12769 | Lair:5   | HP: 23/92 [skyshark (3)]
 12770 | Lair:5   | 12770 ||| READING 6 scrolls of teleportation.
 12771 | Lair:5   | 12771 ||| DRINKING 2 potions of heal wounds.
 12774 | Lair:5   | Found a staircase to the Slime Pits.
 12774 | Lair:5   | Found a viscous altar of Jiyva.
 12775 | Lair:5   | 12775 ||| FLEEEEING.
 12862 | Lair:5   | 12862 ||| RETREEEEATING.
 12863 | Lair:5   | 12863 ||| RETREEEEATING.
 12864 | Lair:5   | 12864 ||| RETREEEEATING.
 12865 | Lair:5   | 12865 ||| RETREEEEATING.
 13221 | Lair:5   | 13221 ||| FLEEEEING.
 13485 | Lair:5   | 13485 ||| RETREEEEATING.
 13487 | Lair:5   | 13487 ||| RETREEEEATING.
 13488 | Lair:5   | 13488 ||| RETREEEEATING.
 13489 | Lair:5   | 13489 ||| RETREEEEATING.
 13490 | Lair:5   | 13490 ||| INVOKING Finesse.
 13501 | Lair:5   | Reached skill level 19 in Ranged Weapons
 13563 | Lair:5   | 13563 ||| PLANNING D:1-11
 13563 | Lair:5   | 13563 ||| DROPPING +1 cloak.
 13699 | D:10     | Entered Level 10 of the Dungeon
 13759 | D:10     | Found a staircase to the Orcish Mines.
 13967 | D:10     | Found a stormy altar of Qazlal.
 13995 | D:10     | Received a gift from Okawaru
 14042 | D:10     | 14042 ||| FLEEEEING.
 14043 | D:10     | 14043 ||| FLEEEEING.
 14044 | D:10     | 14044 ||| FLEEEEING.
 14045 | D:10     | 14045 ||| FLEEEEING.
 14046 | D:10     | 14046 ||| FLEEEEING.
 14047 | D:10     | 14047 ||| FLEEEEING.
 14048 | D:10     | 14048 ||| FLEEEEING.
 14049 | D:10     | 14049 ||| FLEEEEING.
 14181 | D:10     | Noticed Gastronok
 14182 | D:10     | 14182 ||| INVOKING Finesse.
 14199 | D:10     | Killed Gastronok
 14470 | D:10     | Noticed Josephine
 14476 | D:10     | Killed Josephine
 14488 | D:10     | 14488 ||| UPGRADING to +0 troll leather armour.
 14498 | D:10     | 14498 ||| DROPPING +3 leather armour of positive energy.
 15018 | D:11     | Noticed Amaemon
 15020 | D:11     | Killed Amaemon
 15152 | D:11     | 15152 ||| PLANNING D
 15179 | D:12     | Found a frozen archway.
 15202 | D:12     | Noticed Urug
 15207 | D:12     | 15207 ||| RETREEEEATING.
 15211 | D:12     | Killed Urug
 15211 | D:12     | Received a gift from Okawaru
 15256 | D:12     | 15256 ||| FLEEEEING.
 15337 | D:12     | Reached XP level 15. HP: 79/98 MP: 22/22
 15337 | D:12     | 15337 ||| FLEEEEING.
 15367 | D:12     | 15367 ||| FLEEEEING.
 15368 | D:12     | 15368 ||| FLEEEEING.
 15369 | D:12     | 15369 ||| FLEEEEING.
 15370 | D:12     | 15370 ||| FLEEEEING.
 15487 | D:12     | 15487 ||| RETREEEEATING.
 15492 | D:12     | Reached skill level 20 in Ranged Weapons
 15604 | D:12     | Received a gift from Okawaru
 15605 | D:12     | Reached skill level 6 in Armour
 16015 | D:12     | 16015 ||| UPGRADING to +0 pair of gloves.
 16200 | D:13     | 16200 ||| FLEEEEING.
 16242 | D:13     | Found a gate to the Vaults.
 16406 | D:13     | 16406 ||| READING 8 scrolls of teleportation.
 16408 | D:13     | HP: 3/98 [enormous slime creature (67)]
 16409 | D:13     | 16409 ||| DRINKING potion of heal wounds.
 16825 | D:13     | 16825 ||| DROPPING ring of resist corrosion.
 16826 | D:13     | 16826 ||| READING 10 scrolls of identify.
 16826 | D:13     | 16826 ||| IDENTIFYING fuming inky potion
 16916 | D:14     | 16916 ||| RETREEEEATING.
 16917 | D:14     | 16917 ||| FLEEEEING.
 16918 | D:14     | 16918 ||| FLEEEEING.
 16921 | D:14     | 16921 ||| RETREEEEATING.
 16922 | D:14     | 16922 ||| RETREEEEATING.
 16923 | D:14     | 16923 ||| RETREEEEATING.
 16924 | D:14     | 16924 ||| RETREEEEATING.
 16925 | D:14     | 16925 ||| RETREEEEATING.
 16926 | D:14     | 16926 ||| RETREEEEATING.
 16928 | D:14     | Received a gift from Okawaru
 16933 | D:14     | HP: 15/98 [white ugly thing (13)]
 16933 | D:14     | Mangled by a white ugly thing

Levels and vault maps discovered:
D:1:      dpeg_arrival_prison, layout_basic, ebering_ecumenical_altar_mist
D:2:      layout_basic, minmay_bisected, uniq_jessica
D:3:      layout_basic, minmay_surrounded
D:4:      kennysheep_goblin_castle, layout_loops_cross,
          nicolae_overflow_hallway_of_the_gods,
          minmay_temple_entry_statues_pillars
D:5:      layout_rooms, lightli_ossuary_entry_decrepit_ruins
D:6:      layout_loops_corners, lemuel_tele_altar, kennysheep_generic_room_4,
          uniq_menkaure, uniq_eustachio, uniq_jeremiah
D:7:      layout_layer_cave
D:8:      layout_gridville, slow_altar_1, uniq_maurice
D:9:      layout_loops_ring, lair_entry_dummy
D:10:     layout_loops_ring, kennysheep_little_box, david_orc_2,
          ebering_dispersal_statue_hall, uniq_josephine, uniq_gastronok
D:11:     layout_irregular_city, uniq_amaemon
D:12:     minmay_dotted_concentric_squares, layout_basic, serial_ice,
          serial_ice_n, serial_ice_f, serial_ice_k, serial_ice_e, serial_ice_m,
          serial_ice_c, portal_ice_cave_entry_pillars_2, uniq_urug
D:13:     layout_stronghold, david_vaults_1
D:14:     layout_roguey, hangedman_decor_lopped
Temple:   minmay_temple_bridge_abc
Lair:1:   layout_chaotic_city, uniq_erica
Lair:2:   layout_roguey [special_room_bee], skrybe_swamp_entry_bodies,
          minmay_snake_entry_six_corridors, chequers_serial_rivers_micro_e,
          worms_lemuel, lemuel_fruit_fields
Lair:3:   layout_cave_pods, grunt_megastairs_1
Lair:4:   beast_lair_carwin_large_3, layout_cave_pods
Lair:5:   hangedman_lair_tendril_chambers, layout_loops_ring,
          minmay_slime_entry_pillars, basic_altar, disabler_island

Skill      XL: |  1  2  3  4  5  6  7  8  9 10 11 12 13 14 15 |
---------------+----------------------------------------------+-----
Ranged Weapons | 5 6 7 9 10 11 14 16 17 19 20 | 20.0
Armour         | 2 3 4 5 7 |  7.0
Fighting       | 3 4 6 7 8 9 10 11 13 | 13.0
Invocations    | 1 4 6 9 10 | 10.0
Dodging        | 2 3 4 5 6 7 8 |  8.0
Stealth        | |  1.1

Action                     |  1- 3 |  4- 6 |  7- 9 | 10-12 | 13-15 || total
---------------------------+-------+-------+-------+-------+-------++-------
   Fire: Shortbow          |    93 |    19 |       |       |       ||   112
         Triple crossbow   |       |    78 |   184 |   418 |   670 ||  1350
 Invoke: Heroism           |       |       |     1 |       |       ||     1
         Finesse           |       |       |     1 |     5 |     4 ||    10
         Receive Weapon    |       |       |       |     1 |       ||     1
         Receive Armour    |       |       |       |     1 |       ||     1
    Use: Scroll            |     4 |     7 |     2 |     7 |     8 ||    28
         Potion            |       |     9 |     3 |     2 |     2 ||    16
 Armour: Leather armour    |    13 |       |   109 |   405 |   264 ||   791
         Ring mail         |    19 |    31 |    16 |       |       ||    66
         Troll leather arm |       |       |       |       |   102 ||   102
  Dodge: Dodged            |    31 |    22 |   126 |   415 |   366 ||   960

Table legend:
 A = Non-vault XP
 B = Vault XP
 C = Vault XP percentage of total XP
 D = Non-vault monster count
 E = Vault monster count
 F = Vault count percentage of total count
                 A         B        C        D         E       F
            +---------+---------+-------+---------+---------+-------
      Total |   66842 |   40295 |  37.6 |     362 |     186 |  33.9
            +---------+---------+-------+---------+---------+-------
        D:1 |      39 |       0 |   0.0 |      26 |       0 |   0.0
        D:2 |      27 |      43 |  61.4 |       8 |       4 |  33.3
        D:3 |      35 |      11 |  23.9 |      12 |       5 |  29.4
        D:4 |      51 |      56 |  52.3 |       6 |      12 |  66.7
        D:5 |     727 |       0 |   0.0 |      15 |       0 |   0.0
        D:6 |     633 |     535 |  45.8 |      15 |       4 |  21.1
        D:7 |     967 |       0 |   0.0 |      14 |       0 |   0.0
        D:8 |    1251 |     555 |  30.7 |      30 |       2 |   6.2
        D:9 |    4214 |       0 |   0.0 |      26 |       0 |   0.0
       D:10 |    2545 |    3420 |  57.3 |      17 |      13 |  43.3
       D:11 |    2409 |    1147 |  32.3 |      15 |       2 |  11.8
       D:12 |    7817 |    8172 |  51.1 |      29 |      24 |  45.3
       D:13 |    3244 |    3250 |  50.0 |      10 |       6 |  37.5
       D:14 |    3943 |       0 |   0.0 |       7 |       0 |   0.0
     Lair:1 |    5368 |     828 |  13.4 |      19 |       1 |   5.0
     Lair:2 |    4568 |    5582 |  55.0 |      19 |      40 |  67.8
     Lair:3 |    6633 |    1839 |  21.7 |      25 |       7 |  21.9
     Lair:4 |    9699 |    3623 |  27.2 |      28 |      13 |  31.7
     Lair:5 |   12672 |   11081 |  46.7 |      41 |      37 |  47.4
    Ossuary |       0 |     153 | 100.0 |       0 |      16 | 100.0
            +---------+---------+-------+---------+---------+-------
